 Dungeon Crawl Stone Soup version 0.29.1-12-g30fa7ad0bf (webtiles) character file.

Game seed: 8622597475674173448

172 javelincjr the Magician (level 5, 0/24 HPs)
             Began as a Spriggan Conjurer on Jan 10, 2023.
             Succumbed to an orc wizard's poison
             ... on level 3 of the Dungeon.
             The game lasted 00:14:42 (3797 turns).

javelincjr the Magician (Spriggan Conjurer)         Turns: 3797, Time: 00:14:43

Health: 0/24       AC:  3    Str:  5    XL:     5   Next: 27%
Magic:  8/12       EV: 17    Int: 19    God:
Gold:   119        SH:  0    Dex: 14    Spells: 10/13 levels left

rFire   . . .      SeeInvis +   i - +1 dagger (protect)
rCold   . . .      Faith    .   (no shield)
rNeg    . . .      Spirit   .   a - +0 robe
rPois   .          Reflect  .   m - +0 hat
rElec   .          Harm     .   g - +0 cloak
rCorr   .          Rampage  .   (gloves unavailable)
Will    .....                   (boots unavailable)
Stlth   ++........              (no amulet)
HPRegen 0.08/turn               (no ring)
MPRegen 0.13/turn               (no ring)

@: mighty, brilliant, lethally poisoned (0 -> -3), flying, very quick
A: very small, no large weapons, unfitting armour, see invisible, speed 3
a: no special abilities


You were on level 3 of the Dungeon.
You visited 1 branch of the dungeon, and saw 3 of its levels.

You collected 119 gold pieces.

Inventory:

Hand Weapons
 c - a +0 dagger
 i - a +1 dagger of protection (weapon)
Armour
 a - a +0 robe (worn)
 g - a +0 cloak (worn)
 m - a +0 hat (worn)
Wands
 q - a wand of iceblast (12)
Scrolls
 d - 2 scrolls of teleportation {unknown}
 e - 2 scrolls of fog {unknown}
 k - a scroll of immolation {unknown}
 l - 2 scrolls of identify {unknown}
 o - a scroll of enchant weapon {unknown}
 p - a scroll of noise {unknown}
 s - a scroll of blinking {unknown}
Potions
 b - a potion of magic
 n - a potion of attraction {unknown}
 r - a potion of haste {unknown}


   Skills:
 + Level 0.1 Fighting
 + Level 0.7 Short Blades
 + Level 3.1 Dodging
 + Level 3.5 Stealth
 + Level 4.5 Spellcasting
 + Level 4.0 Conjurations


You had 10 spell levels left.
You knew the following spells:

 Your Spells              Type           Power      Damage    Failure   Level
a - Magic Dart            Conj           100%       1d8       2%          1
b - Searing Ray           Conj           58%        2d6       3%          2

Your spell library contained the following spells:

 Spells                   Type           Power      Damage    Failure   Level
 Sandblast                Erth           12%        2d6       13%         1
 Dazzling Flash           Conj/Hex       36%        N/A       17%         3
 Stone Arrow              Conj/Erth      36%        3d9       17%         3
 Passwall                 Tmut/Erth      5%         N/A       21%         2
 Scorch                   Fire           12%        2d6       21%         2
 Gell's Gravitas          Tloc           6%         N/A       36%         3
 Lesser Beckoning         Tloc           6%         N/A       36%         3
 Teleport Other           Tloc           6%         N/A       36%         3
 Flame Wave               Conj/Fire      18%        2d7       50%         4
 Fulminant Prism          Conj/Hex       9%         3d7       50%         4
 Iskenderun's Mystic Bla  Conj/Tloc      18%        2d6       50%         4
 Summon Cactus Giant      Summ           3%         N/A       100%        6


Dungeon Overview and Level Annotations

Branches:
Dungeon (3/15)

Altars:
Elyvilon
Nemelex Xobeh
Zin


Innate Abilities, Weirdness & Mutations

You are very small and have problems with some larger weapons.
You are too small for most types of armour.
You have supernaturally acute eyesight. (SInv)
You cover ground extremely quickly. (Speed+++)


Message History

Confirm with . or Enter, or press ? or * to list all spells.
Aiming: Searing Ray (safe; 3% risk of failure)
Press: ? - help, Shift-Dir - straight line, f - orc wizard
Aim: an orc wizard, wielding a +2 dagger of venom and wearing a +0 robe (72% to hit)
The searing ray hits the orc wizard.
The orc wizard is lightly wounded.
The searing ray hits the goblin.
The goblin is severely wounded. (Press . to maintain the ray.)
The searing ray hits the orc wizard.
The orc wizard is heavily wounded.
The searing ray hits the goblin.
You kill the goblin!
The orc wizard closely misses you.
The searing ray hits the orc wizard.
The orc wizard is almost dead.
The searing ray hits the white imp.
The white imp is lightly wounded.
The orc wizard hits you with a +2 dagger of venom.
You are poisoned.
The searing ray hits the orc wizard.
You kill the orc wizard!
The searing ray hits the white imp!
The white imp is almost dead.
You finish channelling your searing ray.
You feel sick.
It was a potion of brilliance.
You feel clever all of a sudden.
You feel sick. The white imp gestures at you. The puff of frost hits you.
* * * LOW HITPOINT WARNING * * *
It was a potion of might.
You feel very mighty all of a sudden.
* * * LOW HITPOINT WARNING * * *
You feel sick. The white imp closely misses you.
It was a potion of flight.
You feel very buoyant.
You fly up into the air.
You die...

##.g.## #.#
##....#.####.# #.#.##
#.###.......# #.# #.
##.####.....©.....##
#.# #.
##.....#########..#
#.# #
##.....##8$._.$8##)#
#.#
#..##.)#..=[$??..#.#
#.#
#.#.....#.##[..##.#.#
#.#
####.#..#.##...##.#.#
#.#
##.#.#@5)......#.#
#.# ##..#.##...##.#.#
#.# ##.#.##.©.##.#.#
#.#
#)#...5..÷..#.###.#
#.##8.....8##.....#
#..#########..#####
#......©.....##
#..###...#.####
#..#..........#


You could see a white imp.

Vanquished Creatures
  An orc wizard (D:3)
  4 gnolls (D:3)
  2 adders (D:2)
  A white imp (D:3)
  3 worms (D:2)
  5 orcs
  6 ball pythons
  7 bats
  3 endoplasms
  3 giant cockroaches
  6 goblins
  8 hobgoblins
  2 jackals (D:3)
  2 quokkas
  8 frilled lizards
  8 kobolds
  3 rats
72 creatures vanquished.

Notes
Turn   | Place    | Note
-------+----------+-------------------------------------------
     0 | D:1      | javelincjr the Spriggan Conjurer began the quest for the
                  | Orb.
     0 | D:1      | Reached XP level 1. HP: 9/9 MP: 5/5
   206 | D:1      | Reached XP level 2. HP: 13/13 MP: 2/6
   209 | D:1      | Learned a level 2 spell: Searing Ray
   926 | D:2      | Reached XP level 3. HP: 16/16 MP: 4/8
  1614 | D:2      | Found a faded altar of an unknown god.
  2484 | D:3      | Reached XP level 4. HP: 21/21 MP: 7/10
  2879 | D:3      | Found a white marble altar of Elyvilon.
  2917 | D:3      | Found a transporter.
  3006 | D:3      | Found a transporter.
  3040 | D:3      | Found a glowing silver altar of Zin.
  3129 | D:3      | Found a sparkling altar of Nemelex Xobeh.
  3427 | D:3      | Reached XP level 5. HP: 17/24 MP: 6/12
  3796 | D:3      | HP: 1/24 [poisoned by an orc wizard]
  3797 | D:3      | Succumbed to an orc wizard's poison

Illustrated notes

Levels and vault maps discovered:
D:1:      nicolae_arrival_memento_mori, layout_rooms
D:2:      layout_basic, hellmonk_ecumenical_altar_pennies_from_heaven,
          fountainhead
D:3:      layout_loops_ring, nemelex_spade_bored_becter,
          gammafunk_temple_overflow_arena, mainiacjoe_overflow_paths

Skill      XL: |  1  2  3  4 |
---------------+-------------+-----
Conjurations   | 3 4 |  4.0
Spellcasting   | 3 4 |  4.5
Dodging        | 3 |  3.1
Fighting       | |  0.1
Short Blades   | |  0.7
Stealth        | |  3.5

Action                   |  1- 3 |  4- 6 || total
-------------------------+-------+-------++-------
Melee: Dagger            |    28 |    11 ||    39
 Cast: Magic Dart        |    87 |    11 ||    98
       Searing Ray       |     4 |    18 ||    22
  Use: Potion            |       |     3 ||     3
Armor: Robe              |     7 |     2 ||     9
Dodge: Dodged            |    17 |    22 ||    39
